 Dungeon Crawl Stone Soup version 0.25-a0-166-g16436c4407 (webtiles) character file.

Game seed: 2751652747895905612, levelgen mode: deterministic

4809 1player the Unflinching (level 10, -1/83 HPs)
             Began as a Green Draconian Wanderer on Nov 24, 2019.
             Was a Believer of the Shining One.
             Slain by a troll (9 damage)
             ... on level 9 of the Dungeon.
             The game lasted 00:40:31 (13777 turns).

1player the Unflinching (Green Draconian Wanderer) Turns: 13777, Time: 00:40:31

Health: -1/83      AC:  8    Str: 20    XL:     10   Next: 24%
Magic:  17/17      EV: 13    Int: 11    God:    the Shining One [**....]
Gold:   293        SH:  0    Dex: 15    Spells: 9/9 levels left

rFire    . . .     SeeInvis .   a - +1 quarterstaff
rCold    . . .     Gourm    .   (shield currently unavailable)
rNeg     + . .     Faith    .   (armour unavailable)
rPois    +         Spirit   .   (helmet restricted)
rElec    .         Reflect  .   L - +0 cloak
rCorr    .         Harm     .   (no gloves)
MR       .....                  (no boots)
Stlth    +.........             W - amulet of rage
HPRegen  0.23/turn              U - ring of stealth
MPRegen  0.15/turn              (no ring)

@: mighty, berserk cooldown, slowed, glowing, very slow
A: breathe noxious fumes, unfitting armour, poison resistance, cold-blooded, AC
+7
a: Breathe Noxious Fumes, Divine Shield, Renounce Religion, Evoke Berserk Rage


You were on level 9 of the Dungeon.
You worshipped the Shining One.
The Shining One was pleased with you.
You were not hungry.

You visited 1 branch of the dungeon, and saw 10 of its levels.

You collected 484 gold pieces.
You spent 191 gold pieces at shops.

Inventory:

Hand Weapons
 a - a +1 quarterstaff (weapon)
 b - a +0 hunting sling
 A - a +2 dagger of venom
 C - a +2 short sword
 N - the +1 hand axe of Ymmus {flame, Str+5, unknown}
   (You found it on level 9 of the Dungeon)

   It has been specially enchanted to burn those struck by it, causing extra
   injury to most foes and up to half again as much damage against particularly
   susceptible opponents.
   Big, fiery blades are also staple armaments of hydra-hunters.
   It affects your strength (+5).
Missiles
 B - 86 sling bullets
 S - 3 curare-tipped darts
 Y - 3 throwing nets (quivered)
Armour
 L - a +0 cloak (worn)
Magical Staves
 J - an uncursed staff of fire
 K - an uncursed staff of cold
Jewellery
 M - an uncursed amulet of harm {unknown}
 Q - a cursed amulet of inaccuracy {unknown}
 U - a ring of stealth (left hand)
 W - an amulet of rage (around neck)
Wands
 G - a wand of enslavement (3)
Scrolls
 f - 7 scrolls of teleportation
 k - 3 scrolls of remove curse {@r2}
 m - 4 scrolls of enchant armour
 q - 3 scrolls of immolation
 t - a scroll of amnesia
 R - a scroll of fog
 Z - a scroll of magic mapping
Potions
 c - 3 potions of lignification
 h - 3 potions of mutation {!q}
 j - a potion of ambrosia
 l - a potion of brilliance
 o - 3 potions of curing {@q1}
 D - a potion of resistance
 H - a potion of flight {unknown}
 O - a potion of haste
 P - 3 potions of agility {unknown}
 T - a potion of berserk rage {unknown}
Comestibles
 e - 6 rations {!d}


   Skills:
 - Level 6.1 Fighting
 - Level 2.0 Short Blades
   Level 2.0(6.4) Maces & Flails
 - Level 9.6(9.7) Staves
 + Level 2.8 Dodging
 - Level 1.0 Stealth
   Level 1.0 Shields
 + Level 10.4 Invocations
 + Level 2.8 Evocations


You had 9 spell levels left.
You didn't know any spells.
Your spell library contained the following spells:

 Spells                   Type           Power        Failure   Level  Hunger
 Beastly Appendage        Tmut           #.....       34%         1    ##.....
 Sticks to Snakes         Tmut           #.......     47%         2    ###....
 Spider Form              Tmut/Pois      #.........   71%         3    ####...
 Ice Form                 Ice/Tmut       #.......     98%         4    #####..
 Blade Hands              Tmut           #.........   100%        5    ######.


Dungeon Overview and Level Annotations

Branches:
Dungeon (10/15)            Temple (0/1) D:4            Lair (0/6) D:9
    Orc: D:9-12

Altars:
Ashenzari
Elyvilon
Kikubaaqudgha
Makhleb
Nemelex Xobeh
Qazlal
Ru
Sif Muna
Xom
The Shining One

Shops:
D:4 !   D:7 (   D:8 *

Annotations:
D:8 2 hydras!


Innate Abilities, Weirdness & Mutations

You can breathe blasts of noxious fumes.
Your lurid green scales are hard. (AC +7)
You cannot fit into any form of body armour.
Your system is resistant to poisons. (rPois)
You are cold-blooded and may be slowed by cold attacks.


Message History

The troll bites you. The troll claws you! The troll barely misses you.
You thump the troll!
The troll is severely wounded.
The troll bites you. The troll closely misses you. The troll claws you!
* * * LOW HITPOINT WARNING * * *
You barely miss the troll.
The troll is severely wounded.
You have got your breath back.
The troll seems less confused.
The troll barely misses you. The troll completely misses you.
The troll barely misses you.
You hit the troll.
The troll is severely wounded.
The troll bites you!
* * * LOW HITPOINT WARNING * * *
The troll claws you!
* * * LOW HITPOINT WARNING * * *
The troll claws you!
* * * LOW HITPOINT WARNING * * *
The troll barely misses you. x2; The troll claws you!
You die...

...............(.................
..........(######'######.........
.........((#..>...(....##'###....
......._.).#................#....
###..(.....#................#....
..#........#................#....
..#####....##'##............#....
..T...#...(....##############....
......#.........@...)[[..........
...)..#.#######.T.#######.#####..
.....T'.#.....#...#.....#.# #..
......#.'.....#...#.....#.# #..
....###.#.....#####.....#.# #..
....#...#...............#.# #..
....#...#............####.#####..
....#...#............#.......####
....#...#............##......##.P


You could see a troll.

Vanquished Creatures
  Harold (D:8)
  A komodo dragon (D:9)
  A spriggan (shapeshifter) (D:9)
  A water moccasin (D:7)
  3 ice beasts
  A black bear (D:10)
  An orc warrior (D:9)
  A sky beast (D:8)
  2 boggarts (D:9)
  6 ogres
  A phantom (D:9)
  2 centaurs
  A big kobold (D:9)
  A bullfrog (D:8)
  A wyvern zombie (D:7)
  2 water moccasin zombies (D:8)
  3 scorpions
  3 wights (D:8)
  3 vampire bats (D:4)
  3 howler monkeys
  A centaur zombie (D:5)
  2 crimson imps
  2 centaur skeletons
  4 hounds
  7 orc priests
  2 jellies
  A quasit (D:4)
  3 iguanas
  10 orc wizards
  4 worker ants
  A worker ant zombie (D:6)
  Robin (D:3)
  4 gnolls (D:6)
  10 adders
  A shadow imp (D:4)
  An ooze (D:3)
  An adder skeleton (D:4)
  A worm (D:5)
  A dart slug (D:2)
  2 leopard geckos
  43 orcs
  6 bats
  3 bat skeletons (D:4)
  4 bat zombies (D:4)
  4 giant cockroaches
  18 goblins
  9 hobgoblins
  8 jackals
  4 quokkas
  6 frilled lizards
  A jackal zombie (D:5)
  11 kobolds
  A quokka skeleton (D:5)
  7 rats
222 creatures vanquished.

Vanquished Creatures (collateral kills)
  A bullfrog (D:8)
  2 adders (D:8)
3 creatures vanquished.

Vanquished Creatures (others)
  An orc priest (D:7)
  4 plants (D:9)
5 creatures vanquished.

Grand Total: 230 creatures vanquished

Notes
Turn   | Place    | Note
-------+----------+-------------------------------------------
     0 | D:1      | 1player the Draconian Wanderer began the quest for the Orb.
     0 | D:1      | 1player set off with the following items: a +2 short sword,
                  | a +0 quarterstaff, a potion of lignification, a ration {!d}
     0 | D:1      | Reached XP level 1. HP: 19/19 MP: 1/1
   233 | D:1      | Reached skill level 1 in Staves
   290 | D:1      | Found a glowing golden altar of the Shining One.
   326 | D:1      | Became a worshipper of the Shining One
   383 | D:1      | Reached XP level 2. HP: 26/26 MP: 2/2
  1156 | D:2      | Reached XP level 3. HP: 19/31 MP: 3/3
  1279 | D:2      | Found a shattered altar of Ashenzari.
  1754 | D:2      | Found a shimmering altar of Xom.
  2100 | D:3      | Reached XP level 4. HP: 38/38 MP: 4/4
  2276 | D:3      | Found a stormy altar of Qazlal.
  2747 | D:3      | Noticed Robin
  3111 | D:3      | Killed Robin
  3588 | D:4      | Reached XP level 5. HP: 28/45 MP: 5/5
  3840 | D:4      | Reached skill level 5 in Staves
  4057 | D:4      | Noticed an ogre
  4082 | D:4      | Noticed an ogre
  4231 | D:4      | Found Paaleas's Distillery.
  4239 | D:4      | Bought a potion of resistance for 120 gold pieces
  4239 | D:4      | Bought a potion of might for 48 gold pieces
  4617 | D:4      | Reached * piety under the Shining One
  4617 | D:4      | Reached XP level 6. HP: 33/51 MP: 6/6
  4807 | D:4      | Reached skill level 1 in Invocations
  4849 | D:4      | Reached skill level 2 in Invocations
  5035 | D:4      | Found an ancient bone altar of Kikubaaqudgha.
  5055 | D:4      | Reached skill level 3 in Invocations
  5060 | D:4      | Your scales start taking on a lurid green colour.
  5060 | D:4      | Reached XP level 7. HP: 53/60 MP: 9/9
  5060 | D:4      | Gained mutation: Your system is resistant to poisons.
                  | (rPois) [Green Draconian growth]
  5204 | D:4      | Found a staircase to the Ecumenical Temple.
  5264 | D:4      | Found a burning altar of Makhleb.
  5496 | D:5      | Entered Level 5 of the Dungeon
  5501 | D:5      | Reached skill level 5 in Fighting
  5534 | D:5      | You fall into a shaft and drop 3 floors!
  5534 | D:8      | Found Nuewups's Assorted Antiques.
  5559 | D:8      | Bought a scroll labeled ZUHEN MIVAFEF for 23 gold pieces
  5569 | D:7      | Found Xoozi's Antique Weapon Emporium.
  5574 | D:7      | Reached ** piety under the Shining One
  5581 | D:7      | Reached skill level 4 in Invocations
  6203 | D:5      | Reached skill level 5 in Invocations
  6436 | D:5      | Reached XP level 8. HP: 38/70 MP: 8/12
  6971 | D:6      | Reached skill level 6 in Invocations
  7991 | D:7      | Reached skill level 7 in Invocations
  8236 | D:7      | Found a sparkling altar of Nemelex Xobeh.
  8824 | D:7      | Reached XP level 9. HP: 73/75 MP: 14/14
  9062 | D:8      | Reached skill level 8 in Invocations
  9111 | D:8      | Noticed Harold
  9264 | D:8      | Reached *** piety under the Shining One
  9611 | D:8      | Found a white marble altar of Elyvilon.
 10014 | D:8      | Killed Harold
 10014 | D:8      | Reached skill level 9 in Invocations
 10610 | D:9      | Found a shimmering blue altar of Sif Muna.
 10660 | D:8      | Reached skill level 10 in Invocations
 10660 | D:8      | Reached skill level 1 in Evocations
 10765 | D:9      | Reached XP level 10. HP: 83/83 MP: 17/17
 10836 | D:9      | Found a staircase to the Lair.
 10899 | D:9      | Found a sacrificial altar of Ru.
 11599 | D:9      | Noticed a five-headed hydra
 11599 | D:9      | Noticed a seven-headed hydra
 12975 | D:9      | Got a pitted hand axe
 13330 | D:10     | Entered Level 10 of the Dungeon
 13333 | D:10     | Noticed a skeletal warrior
 13333 | D:10     | Noticed a skeletal warrior
 13777 | D:9      | Slain by a troll

Levels and vault maps discovered:
D:1:      matt_arrival_refuge, layout_loops_corners, tso_metal_star
D:2:      minmay_angry_zag, layout_basic, xom_butterflies,
          nicolae_ashenzari_panopticon, first_ration, minmay_pentomino_x2
D:3:      kennysheep_goblin_castle, layout_rooms, lemuel_doored_altar,
          chequers_serial_rivers_large_a
D:4:      layout_basic, lightli_temple_of_fire, kennysheep_vampire_church,
          minmay_temple_entry_enclosed_plants, serial_shops, shop
D:5:      layout_cave_pools
D:6:      layout_basic
D:7:      layout_cave_pools, nemelex_xobeh_ov_fountains_minmay, serial_shops,
          nicolae_shop_trees, lemuel_old_faithful
D:8:      layout_rooms, elyvilon_altar_1, serial_shops, nicolae_shop_waterfront,
          grunt_ogre_cave, hangedman_decor_clover_reticule, uniq_harold
D:9:      minmay_shrinking_squares, layout_irregular_city, old_standard_altar,
          david_lair_shrubbed, basic_altar
D:10:     layout_roguey, kb_lookout_dungeons_type

Skill      XL: |  1  2  3  4  5  6  7  8  9 10 |
---------------+-------------------------------+-----
Staves         | 1 2 3 4 5 6 7 9 |  9.6
Invocations    | 3 5 7 10 | 10.4
Fighting       | 4 6 |  6.1
Evocations     | 1 2 |  2.8
Dodging        | 2 |  2.8
Short Blades   | |  2.0
Maces & Flails | |  2.0
Stealth        | |  1.0
Shields        | |  1.0

Action                   |  1- 3 |  4- 6 |  7- 9 | 10-12 || total
-------------------------+-------+-------+-------+-------++-------
Melee: Short sword       |   124 |    62 |       |       ||   186
       Tailslap          |    14 |    21 |    47 |    11 ||    93
       Dagger            |       |    78 |    16 |       ||    94
       Quarterstaff      |       |     1 |   327 |    80 ||   408
 Fire: Hunting sling     |       |    52 |    69 |    20 ||   141
Invok: Divine Shield     |       |       |     4 |     1 ||     5
 Abil: Breathe Noxious F |       |       |    20 |     9 ||    29
       Evoke Berserk Rag |       |       |     1 |     1 ||     2
Evoke: Wand              |       |       |     1 |     3 ||     4
  Use: Scroll            |     4 |     9 |    12 |     6 ||    31
       Potion            |       |     1 |     3 |     1 ||     5
  Eat: Chunk             |     4 |     6 |     9 |     3 ||    22
       Ration            |       |     1 |     4 |     3 ||     8
Armor: Skin              |    26 |    85 |   135 |    21 ||   267
Dodge: Dodged            |    73 |   133 |   207 |    56 ||   469
Block: Other             |       |       |    10 |     2 ||    12

Table legend:
 A = Non-vault XP
 B = Vault XP
 C = Vault XP percentage of total XP
 D = Non-vault monster count
 E = Vault monster count
 F = Vault count percentage of total count
                 A         B        C        D         E       F
            +---------+---------+-------+---------+---------+-------
      Total |    4786 |    2084 |  30.3 |     183 |      42 |  18.7
            +---------+---------+-------+---------+---------+-------
        D:1 |      28 |       0 |   0.0 |      19 |       0 |   0.0
        D:2 |      45 |      10 |  18.2 |      12 |       5 |  29.4
        D:3 |      54 |      53 |  49.5 |      14 |      21 |  60.0
        D:4 |     514 |     184 |  26.4 |      24 |      10 |  29.4
        D:5 |     534 |       0 |   0.0 |      17 |       0 |   0.0
        D:6 |     602 |       0 |   0.0 |      31 |       0 |   0.0
        D:7 |     846 |       0 |   0.0 |      17 |       0 |   0.0
        D:8 |    1259 |    1108 |  46.8 |      25 |       2 |   7.4
        D:9 |     773 |     729 |  48.5 |      23 |       4 |  14.8
       D:10 |     131 |       0 |   0.0 |       1 |       0 |   0.0
            +---------+---------+-------+---------+---------+-------
